 Dungeon Crawl Stone Soup version 0.27.1-34-g3ba077fa99 (webtiles) character file.

Game seed: 4368658157341588180

116795 growler the Stormcaller (level 16, -7/107 HPs)
             Began as a Tengu Air Elementalist on Jan 14, 2022.
             Was an Elder of Vehumet.
             Killed from afar by an eleionoma (38 damage)
             ... with a spray of wooden splinters
             ... on level 1 of the Swamp.
             The game lasted 01:28:09 (44800 turns).

growler the Stormcaller (Tengu Air Elementalist)   Turns: 44800, Time: 01:28:09

Health: -7/107     AC:  3    Str: 11    XL:     16   Next: 72%
Magic:  12/36      EV: 23    Int: 26    God:    Vehumet [****..]
Gold:   1680       SH: 12    Dex: 14    Spells: 9/29 levels left

rFire    + . .     SeeInvis .   S - +4 demon blade (freeze)
rCold    + . .     Faith    .   I - +0 kite shield
rNeg     + . .     Spirit   .   E - +2 robe {rC+}
rPois    .         Reflect  .   (helmet restricted)
rElec    .         Harm     .   c - +1 cloak
rCorr    .         Rampage  .   Y - +0 pair of gloves
Will     +....                  (boots unavailable)
Stlth    +++++.....             e - amulet of magic regeneration
HPRegen  0.27/turn              J - ring of the Priest {Wiz rF+ rN+ Int+5 Stlth+}
MPRegen  0.50/turn              k - ring "Veto" {MP+9 Stlth+}

@: corroded, flying quickly and evasively, quick
A: beak, talons 3, nimble flight
a: Renounce Religion


You were on level 1 of the Swamp.
You worshipped Vehumet.
Vehumet was greatly pleased with you.
You visited 5 branches of the dungeon, and saw 26 of its levels.

You collected 2621 gold pieces.
You spent 941 gold pieces at shops.

Inventory:

Hand Weapons
 S - a +4 demon blade of freezing (weapon)
   (You bought it in a shop on level 2 of the Orcish Mines)
Armour
 c - a +1 cloak (worn)
   (You took it off Crazy Yiuf on level 5 of the Dungeon)
 E - a +2 robe of cold resistance (worn)
   (You took it off Fannar on level 10 of the Dungeon)
 I - a +0 kite shield (worn)
   (You found it on level 1 of the Lair of Beasts)
 T - a +1 buckler of cold resistance
   (You took it off a tengu warrior on level 13 of the Dungeon)
 Y - a +0 pair of gloves (worn)
   (You found it on level 15 of the Dungeon)
Magical Staves
 P - a staff of cold
   (You found it on level 4 of the Lair of Beasts)
Jewellery
 e - an amulet of magic regeneration (around neck)
   (You found it on level 14 of the Dungeon)
 k - the ring "Veto" (right hand) {MP+9 Stlth+}
   (You acquired it on level 1 of the Lair of Beasts)

   [ring of magical power]

   MP:        It affects your magic capacity (+9).
   Stlth:     It makes you more stealthy.
 n - a ring of poison resistance
   (You found it on level 4 of the Dungeon)
 r - a ring of willpower
   (You found it on level 5 of the Dungeon)
 s - an amulet of reflection
   (You found it on level 5 of the Dungeon)
 z - a ring of see invisible
   (You found it on level 1 of the Dungeon)
 J - the ring of the Priest (left hand) {Wiz rF+ rN+ Int+5 Stlth+}
   (You acquired it on level 1 of the Lair of Beasts)

   [ring of wizardry]

   It improves your spell success rate.
   Int:       It affects your intelligence (+5).
   rF:        It protects you from fire.
   rN:        It protects you from negative energy.
   Stlth:     It makes you more stealthy.
 O - a ring of magical power
   (You found it on level 4 of the Lair of Beasts)
 R - a +6 ring of dexterity
   (You found it on level 5 of the Lair of Beasts)
Wands
 d - a wand of iceblast (27)
   (You took it off Ijyb on level 3 of the Dungeon)
 t - a wand of flame (45)
   (You took it off a kobold on level 7 of the Dungeon)
 u - a wand of paralysis (10)
   (You found it on level 12 of the Dungeon)
 w - a wand of charming (12)
   (You took it off Dowan on level 6 of the Dungeon)
 x - a wand of acid (2)
   (You found it on level 2 of the Dungeon)
 B - a wand of mindburst (18)
   (You found it on level 7 of the Dungeon)
 W - a wand of polymorph (32)
   (You found it on level 10 of the Dungeon)
Scrolls
 a - a scroll of holy word
 g - 13 scrolls of teleportation {@r4}
 h - 4 scrolls of magic mapping
 i - a scroll of vulnerability {!r}
 m - a scroll of summoning
 q - a scroll of silence
 y - 4 scrolls of enchant armour
 A - 2 scrolls of amnesia
 F - a scroll of immolation {!r}
 G - a scroll of torment {unknown}
 K - a scroll of fear
 Z - a scroll of fog {unknown}
Potions
 f - 7 potions of curing {@q1}
 j - 4 potions of cancellation
 l - 7 potions of heal wounds {@q2}
 o - 8 potions of brilliance
 p - 4 potions of haste {@q3}
 v - 3 potions of resistance
 C - 2 potions of ambrosia
 D - 3 potions of mutation {!q}
 H - 2 potions of berserk rage
 L - 2 potions of might
 M - a potion of magic
 N - a potion of invisibility
 V - a potion of lignification {!q}


   Skills:
 + Level 14.6 Fighting
 + Level 15.8 Dodging
 - Level 4.0 Stealth
 + Level 11.7 Shields
 - Level 7.0 Spellcasting
 - Level 12.0 Conjurations
 - Level 16.0 Air Magic


You had 9 spell levels left.
You knew the following spells:

 Your Spells              Type           Power      Damage    Failure   Level
a - Shock                 Conj/Air       100%       1d9       1%          1
b - Airstrike             Air            37%        N/A       1%          4
c - Freezing Cloud        Conj/Ice/Air   27%        6-21      1%          5
d - Static Discharge      Conj/Air       69%        N/A       1%          2
e - Lightning Bolt        Conj/Air       34%        1d52      1%          5
s - Swiftness             Air            75%        N/A       1%          3

Your spell library contained the following spells:

 Spells                   Type           Power      Damage    Failure   Level
 Irradiate                Conj/Tmut      20%        3d20      2%          5
 Sandblast                Erth           18%        2d7       1%          1
 Corpse Rot               Necr/Air       N/A        N/A       1%          2
 Poisonous Vapours        Pois/Air       100%       N/A       1%          2
 Conjure Flame            Conj/Fire      40%        6-21      1%          3
 Fulminant Prism          Conj/Hex       20%        3d13      1%          4
 Iskenderun's Mystic Bla  Conj/Tloc      40%        2d9       1%          4
 Sticky Flame             Conj/Fire      40%        2d6       1%          4
 Ignite Poison            Fire/Tmut/Pois 9%         N/A       3%          3
 Sting                    Tmut/Pois      36%        1d4       4%          1
 Silence                  Hex/Air        25%        N/A       4%          5
 Passwall                 Tmut/Erth      7%         N/A       6%          2
 Olgreb's Toxic Radiance  Pois           9%         N/A       11%         4
 Gell's Gravitas          Tloc           4%         N/A       12%         3
 Lesser Beckoning         Tloc           4%         N/A       12%         3
 Teleport Other           Tloc           9%         N/A       12%         3
 Lee's Rapid Deconstruct  Erth           4%         3d6*      26%         5
 Dispel Undead            Necr           9%         3d8       34%         4
 Passage of Golubria      Tloc           N/A        N/A       34%         4
 Lehudib's Crystal Spear  Conj/Erth      20%        10d6      98%         8
 Death Channel            Necr           4%         N/A       99%         6


Dungeon Overview and Level Annotations

Branches:
Dungeon (15/15)            Temple (1/1) D:7            Lair (6/6) D:11
  Swamp (2/4) Lair:2        Snake (0/4) Lair:3        Slime (0/5) Lair:5
    Orc (2/2) D:9             Elf (0/3) Orc:2        Vaults (0/5) D:14
 Depths (0/5) D:15

Altars:
Ashenzari
Cheibriados
Dithmenos
Elyvilon
Gozag
Nemelex Xobeh
Sif Muna
Vehumet
Yredelemnul
Zin
Beogh
Jiyva

Shops:
Orc:1 !   Orc:2 ([(=

Annotations:
D:7 3 runed translucent doors, osoart's ghost, novice MiFi
D:11 1 runed translucent door, Selrock's ghost, journeyman DsBe
D:15 3 runed translucent doors, Zoneewna's ghost, journeyman SpGl


Innate Abilities, Weirdness & Mutations

You have a beak for a mouth.
You have claws for feet.
Your magical nature lets you fly swiftly and evasively.


Message History

You feel your power returning.
You are struck by an arc of lightning.
The lightning grounds out.
The eleionoma is struck by an arc of lightning!
You are struck by an arc of lightning.
* * * LOW HITPOINT WARNING * * *
The eleionoma is struck by an arc of lightning.
The lightning grounds out.
The eleionoma hurls a spray of splinters at you.
The spray of wooden splinters misses you.
The eleionoma is struck by an arc of lightning!
You are struck by an arc of lightning.
* * * LOW HITPOINT WARNING * * *
The eleionoma is struck by an arc of lightning!
You are struck by an arc of lightning.
* * * LOW HITPOINT WARNING * * *
The lightning grounds out.
The eleionoma touches a tree and draws upon its vitality.
The eleionoma is healed.
Okay, then.
You block the eleionoma's attack.
You fly upwards.
There is a stone staircase leading down here.
A stone staircase leading down.
The eleionoma hurls a spray of splinters at you.
The spray of wooden splinters hits you!
* * * LOW HITPOINT WARNING * * *
You see here a +0 short sword.
The eleionoma hurls a spray of splinters at you.
The spray of wooden splinters misses you.
The eleionoma flows through the trees.
Aim: an eleionoma (lightly wounded) That beam is likely to hit you.
Continue anyway?
The eleionoma is engulfed in freezing vapours.
The eleionoma is struck by an arc of lightning.
You are struck by an arc of lightning.
* * * LOW HITPOINT WARNING * * *
The lightning grounds out.
The eleionoma is engulfed in freezing vapours.
The eleionoma closely misses you.
You riposte.
You hit the eleionoma. You freeze the eleionoma.
You peck the eleionoma, but do no damage.
The eleionoma is struck by an arc of lightning.
You are struck by an arc of lightning.
* * * LOW HITPOINT WARNING * * *
The eleionoma is struck by an arc of lightning.
The lightning grounds out.
The eleionoma is engulfed in freezing vapours.
The eleionoma hurls a spray of splinters at you.
The spray of wooden splinters hits you!!!
You die...

.≈≈.♣♣≈≈≈♣♣..♣.≈♣♣.♣.♣.♣.♣.♣.♣.♣♣
.≈÷≈♣♣♣≈♣♣≈..≈..♣≈.≈..♣.♣♣≈.♣.♣.♣
....≈♣♣≈♣♣≈≈≈≈.♣♣♣≈.≈♣♣♣.♣.♣♣♣(♣.
≈.....≈♣.≈≈.≈≈>≈♣♣≈.≈.≈.≈...♣.♣.♣
≈♣♣♣≈§..≈≈.(.≈)..>♣..≈≈...≈..♣≈..
♣♣.♣♣≈..♣♣♣..≈≈≈≈.≈≈.≈≈≈.♣≈..♣♣≈.
..[≈♣≈.♣♣≈.≈.☼§§≈≈.≈.≈≈≈≈♣♣..♣...
...≈≈♣♣♣♣...♣§§≈≈≈.....♣♣♣♣....≈≈
....♣♣♣≈....♣§§R@)...≈♣♣♣...≈≈≈≈≈
.≈..♣♣..≈≈♣♣♣...≈≈...♣♣♣≈≈≈.≈≈≈..
.........≈≈♣...≈≈≈≈≈.≈≈§.≈≈≈≈§≈..
♣♣♣..≈≈...♣♣..≈§.≈≈≈≈....≈≈≈.♣♣♣♣
♣ ♣♣..≈.♣♣♣.....≈.≈≈≈≈≈.≈≈≈≈≈♣
♣.≈≈≈..♣♣♣♣♣♣♣♣.≈§§§≈≈≈≈≈♣♣♣
♣♣.♣.[..♣ ♣.≈≈≈≈≈≈≈≈.♣♣
♣..≈≈...♣♣ ♣♣♣.≈§≈≈≈.≈♣♣
♣♣♣..♣..≈.≈♣ ♣.≈≈≈≈≈..≈♣ ♣


You could see an eleionoma.

Vanquished Creatures
  Jorgrun (D:12)
  Rupert (D:13)
  A caustic shrike skeleton (D:15)
  A dire elephant (shapeshifter) (D:14)
  3 bunyips
  A fire dragon (D:15)
  Fannar (D:10)
  8 hydras
  2 boulder beetles
  3 ogre magi
  4 vault guards (D:14)
  A merfolk avatar (Lair:6)
  2 death knights
  7 centaur warriors
  20 two-headed ogres
  An anaconda (Swamp:1)
  An orc high priest (Orc:2)
  3 death yaks (Lair:6)
  4 tengu warriors (D:13)
  A spriggan (Swamp:1)
  An iron troll (Orc:2)
  2 skeletal warriors
  A sea snake (Lair:6)
  A goliath frog (Swamp:2)
  A deep troll (Orc:2)
  2 swamp dragons
  2 bog bodies
  A deep elf zephyrmancer (D:13)
  2 phantasmal warriors
  2 harpies (Lair:6)
  A wolf spider zombie (D:15)
  A necromancer (D:15)
  8 ugly things
  2 orc knights (Orc:1)
  2 deep elf pyromancers
  An orc sorcerer (Orc:1)
  A wolf spider (D:15)
  5 cyclopes
  5 manticores
  A stone giant skeleton (D:15)
  5 elephants
  7 black mambas
  A gargoyle (D:10)
  A cane toad (shapeshifter) (D:15)
  2 torpor snails
  Maggie (D:8)
  6 rime drakes
  An unseen horror (D:10)
  15 cane toads
  A freezing wraith (D:14)
  4 kobold demonologists
  A tengu conjurer (D:13)
  12 komodo dragons
  2 efreet
  A guardian mummy (D:15)
  A jumping spider (Lair:3)
  11 trolls
  5 polar bears
  Grinder (D:5)
  2 hornets
  3 tyrant leeches
  2 wolf spider simulacra (D:15)
  14 slime creatures
  8 blink frogs
  A fire dragon zombie (D:15)
  4 centaur simulacra (D:15)
  2 snapping turtles (Lair:6)
  A fire dragon skeleton (D:15)
  A redback (Lair:3)
  A hog (shapeshifter) (D:15)
  Eustachio (D:6)
  7 wyverns
  2 fire elementals
  3 basilisks
  58 yaks
  6 wraiths
  3 steam dragons
  5 vampire mosquitoes
  Menkaure (D:4)
  2 nagas (Lair:3)
  2 swamp worms (Swamp:1)
  3 wargs
  Duvessa (D:6)
  14 water moccasins
  3 ice beasts
  6 orc warriors
  3 swamp drakes (Swamp:1)
  3 black bears
  A sky beast (D:7)
  23 ogres
  6 wolves
  6 centaurs
  4 phantoms
  6 kobold brigands
  18 bullfrogs
  A wyvern zombie (D:5)
  4 scorpions
  Dowan (D:6)
  3 water moccasin zombies
  A hornet simulacrum (D:15)
  A water moccasin skeleton (D:4)
  5 killer bees (D:9)
  5 wights (D:9)
  5 electric eels
  3 howler monkeys
  9 centaur zombies
  A bullfrog zombie (D:7)
  3 hounds
  Crazy Yiuf (D:5)
  9 orc priests
  2 bullfrog skeletons (D:5)
  3 jellies
  2 centaur skeletons
  5 iguanas
  Ijyb (D:3)
  6 hell rats
  5 orc wizards
  A killer bee zombie (D:9)
  A hound skeleton (D:5)
  2 howler monkey zombies (D:6)
  2 howler monkey skeletons
  13 adders
  10 river rats (Lair:1)
  A shadow imp (D:6)
  5 white imps
  3 ufetubi
  2 adder zombies (D:5)
  An adder skeleton (D:4)
  2 worms
  7 dart slugs
  40 orcs
  6 bats
  10 endoplasms
  A giant cockroach (D:4)
  9 goblins
  4 hobgoblins
  3 jackals (D:3)
  2 quokkas
  6 ball pythons
  A frilled lizard (D:1)
  22 kobolds
  12 rats
654 creatures vanquished.

Vanquished Creatures (others)
  A kobold brigand (D:10)
  A goblin (D:3)
  49 bushes (Lair:6)
  33 fungi
  58 plants
  6 toadstools (D:1)
  6 withered plants (D:15)
154 creatures vanquished.

Grand Total: 808 creatures vanquished

Notes
Turn   | Place    | Note
-------+----------+-------------------------------------------
     0 | D:1      | growler the Tengu Air Elementalist began the quest for the
                  | Orb.
     0 | D:1      | Reached XP level 1. HP: 10/10 MP: 4/4
   379 | D:1      | Reached XP level 2. HP: 14/15 MP: 4/6
   407 | D:1      | Learned a level 2 spell: Static Discharge
   565 | D:1      | Found a faded altar of an unknown god.
  1321 | D:2      | Reached XP level 3. HP: 12/19 MP: 5/7
  1507 | D:2      | Learned a level 3 spell: Swiftness
  2315 | D:3      | Reached XP level 4. HP: 20/24 MP: 4/9
  2374 | D:3      | Reached skill level 5 in Air Magic
  3263 | D:3      | Gained mutation: Your magical nature lets you fly swiftly
                  | and evasively. [Tengu growth]
  3263 | D:3      | Reached XP level 5. HP: 28/28 MP: 10/10
  3276 | D:3      | Noticed Ijyb
  3286 | D:3      | Killed Ijyb
  3861 | D:4      | Learned a level 4 spell: Airstrike
  4138 | D:4      | Reached XP level 6. HP: 29/32 MP: 1/12
  4257 | D:4      | Reached skill level 6 in Air Magic
  4579 | D:4      | Reached skill level 5 in Conjurations
  4932 | D:4      | You are sucked into a shaft and drop 3 floors!
  4932 | D:7      | Found a staircase to the Ecumenical Temple.
  4932 | D:7      | Found a runed translucent gate.
  4932 | D:7      | Found a runed translucent gate.
  4932 | D:7      | Found a runed translucent gate.
  4937 | Temple   | Entered the Ecumenical Temple
  4945 | Temple   | Became a worshipper of Vehumet
  4959 | D:7      | Reached XP level 7. HP: 17/36 MP: 3/14
  5124 | D:7      | Found an opulent altar of Gozag.
  5128 | D:7      | Noticed osoart's ghost (novice MiFi)
  5128 | D:7      | Noticed a troll
  5338 | D:7      | Reached skill level 7 in Air Magic
  5748 | D:7      | Reached XP level 8. HP: 33/41 MP: 8/16
  5904 | D:6      | Reached skill level 5 in Spellcasting
  5911 | D:6      | Reached skill level 8 in Air Magic
  6144 | D:7      | Reached * piety under Vehumet
  6144 | D:7      | Offered knowledge of Freeze by Vehumet.
  6636 | D:7      | Noticed a yak
  6643 | D:7      | Reached skill level 9 in Air Magic
  6957 | D:6      | Noticed Duvessa
  6957 | D:6      | Noticed Dowan
  6970 | D:5      | Entered Level 5 of the Dungeon
  7577 | D:4      | Noticed Menkaure
  7580 | D:4      | Killed Menkaure
  7817 | D:4      | Reached skill level 10 in Air Magic
  7817 | D:4      | Reached XP level 9. HP: 38/45 MP: 12/17
  8421 | D:5      | Noticed Grinder
  8423 | D:5      | Paralysed by Grinder for 6 turns
  8432 | D:5      | Killed Grinder
  8433 | D:5      | Reached skill level 11 in Air Magic
  8705 | D:5      | Found a runed translucent door.
  8706 | D:5      | Noticed Crazy Yiuf
  9627 | D:5      | Killed Crazy Yiuf
  9628 | D:5      | Reached skill level 12 in Air Magic
  9977 | D:6      | Found a glowing silver altar of Zin.
 10014 | D:6      | Noticed Eustachio
 10149 | D:6      | Killed Eustachio
 10427 | D:6      | Killed Duvessa
 10428 | D:6      | Reached skill level 13 in Air Magic
 10565 | D:6      | Killed Dowan
 10566 | D:6      | Reached skill level 1 in Fighting
 10842 | D:6      | Offered knowledge of Poisonous Vapours by Vehumet.
 11227 | D:7      | Reached ** piety under Vehumet
 11265 | D:7      | Reached XP level 10. HP: 26/55 MP: 5/18
 11873 | D:7      | Reached skill level 5 in Dodging
 12197 | D:8      | Noticed Maggie
 12205 | D:8      | Killed Maggie
 12850 | D:8      | Reached skill level 5 in Fighting
 13660 | D:9      | Offered knowledge of Inner Flame by Vehumet.
 14292 | D:9      | Found a staircase to the Orcish Mines.
 14748 | D:9      | Reached skill level 14 in Air Magic
 14751 | D:9      | Reached XP level 11. HP: 63/64 MP: 5/19
 15009 | D:9      | Found a snail-covered altar of Cheibriados.
 15009 | D:9      | Found a white marble altar of Elyvilon.
 15019 | D:9      | Found a basalt altar of Yredelemnul.
 15424 | D:9      | Noticed a centaur warrior
 15432 | D:9      | Killed a centaur warrior
 15641 | D:9      | Found an opulent altar of Gozag.
 15824 | D:10     | Entered Level 10 of the Dungeon
 16256 | D:10     | Found a sparkling altar of Nemelex Xobeh.
 16260 | D:10     | Reached *** piety under Vehumet
 16469 | D:10     | Noticed Fannar
 16481 | D:10     | Noticed a two-headed ogre
 16484 | D:10     | Killed Fannar
 16547 | D:10     | Found a shimmering blue altar of Sif Muna.
 17042 | D:10     | Reached skill level 15 in Air Magic
 17349 | D:10     | Killed a two-headed ogre
 17709 | D:11     | Found a staircase to the Lair.
 17740 | D:11     | Found a runed translucent door.
 17741 | D:11     | Noticed Selrock's ghost (journeyman DsBe)
 17813 | D:11     | Noticed a cyclops
 18162 | D:11     | Killed a cyclops
 18322 | D:11     | Offered knowledge of Hailstorm by Vehumet.
 18323 | D:11     | Reached XP level 12. HP: 53/75 MP: 3/20
 19084 | Lair:1   | Entered Level 1 of the Lair of Beasts
 19400 | Lair:1   | Found a dark tunnel.
 19648 | Lair:1   | Reached skill level 10 in Dodging
 20094 | Lair:1   | Reached skill level 1 in Shields
 20451 | Lair:1   | Reached **** piety under Vehumet
 20506 | Lair:1   | Identified 2 scrolls of acquirement
 20506 | Lair:1   | Acquired the ring of the Priest {Wiz rF+ rN+ Int+5 Stlth+}
 20551 | Lair:1   | Acquired the ring "Veto" {MP+9 Stlth+}
 20701 | Lair:2   | Found a staircase to the Swamp.
 20913 | Lair:2   | Reached skill level 16 in Air Magic
 21169 | Lair:2   | Offered knowledge of Freezing Cloud by Vehumet.
 21176 | Lair:2   | Learned a level 5 spell: Freezing Cloud
 22692 | Lair:3   | Found a staircase to the Snake Pit.
 22999 | Lair:3   | Reached skill level 10 in Fighting
 22999 | Lair:3   | Reached XP level 13. HP: 82/82 MP: 18/23
 23871 | Lair:3   | Found a runed translucent door.
 24313 | Lair:3   | Reached skill level 5 in Shields
 25262 | Lair:4   | Reached ***** piety under Vehumet
 26338 | Lair:5   | Offered knowledge of Spellforged Servitor by Vehumet.
 27051 | Lair:5   | Found a viscous altar of Jiyva.
 27052 | Lair:5   | Found a staircase to the Slime Pits.
 27459 | Lair:6   | Entered Level 6 of the Lair of Beasts
 28493 | Lair:6   | Reached XP level 14. HP: 90/90 MP: 17/25
 30535 | Lair:6   | Identified the +3 rapier "Tibeiplo" {freeze, Int+3}
 31134 | Orc:1    | Entered Level 1 of the Orcish Mines
 31148 | Orc:1    | Offered knowledge of Conjure Ball Lightning by Vehumet.
 31569 | Orc:1    | Found Mimoojik's Distillery.
 31803 | Orc:2    | Entered Level 2 of the Orcish Mines
 32949 | Orc:2    | Found a staircase to the Elven Halls.
 33567 | Orc:2    | Reached XP level 15. HP: 97/97 MP: 22/26
 33676 | Orc:2    | Found Azoosae's Weapon Boutique.
 33677 | Orc:2    | Found Houssue's Antique Weapon Shop.
 33681 | Orc:2    | Found Jidd's Jewellery Shoppe.
 33692 | Orc:2    | Found Tailisos's Armour Boutique.
 33968 | Orc:2    | Bought a glowing demon blade for 666 gold pieces
 34002 | Orc:1    | Bought a potion of brilliance for 44 gold pieces
 34002 | Orc:1    | Bought a potion of mutation for 88 gold pieces
 34002 | Orc:1    | Bought a potion of heal wounds for 55 gold pieces
 34002 | Orc:1    | Bought a potion of cancellation for 88 gold pieces
 34283 | D:10     | Acquired a staff of conjuration
 34376 | D:12     | Offered knowledge of Lightning Bolt by Vehumet.
 34851 | D:12     | Reached skill level 10 in Shields
 35182 | D:12     | Noticed Jorgrun
 35203 | D:12     | Killed Jorgrun
 37278 | D:13     | Noticed Rupert
 37334 | D:13     | Paralysed by Rupert for 2 turns
 37342 | D:13     | Killed Rupert
 37349 | D:13     | Learned a level 5 spell: Lightning Bolt
 37838 | D:13     | Identified the +9 scimitar "Sihi" {flame, rF+++ Will- rCorr
                  | Stlth+}
 38263 | D:14     | Found a gate to the Vaults.
 39144 | D:14     | Reached skill level 15 in Dodging
 39144 | D:14     | Reached skill level 10 in Conjurations
 39951 | D:14     | Found a broken altar of Ashenzari.
 40243 | D:14     | Found a shadowy altar of Dithmenos.
 40336 | D:15     | Entered Level 15 of the Dungeon
 40392 | D:15     | Reached XP level 16. HP: 105/105 MP: 27/27
 40932 | D:15     | Found a staircase to the Depths.
 41610 | D:15     | Offered knowledge of Irradiate by Vehumet.
 41711 | D:15     | Found a runed translucent gate.
 41711 | D:15     | Found a runed translucent gate.
 41711 | D:15     | Found a runed translucent gate.
 41711 | D:15     | Noticed Zoneewna's ghost (journeyman SpGl)
 41713 | D:15     | Found a basalt altar of Yredelemnul.
 43125 | Swamp:1  | Entered Level 1 of the Swamp
 43841 | Swamp:1  | Identified the +4 rapier of Severance {freeze, rF++ rN+}
 44800 | Swamp:1  | Killed from afar by an eleionoma

Illustrated notes

Levels and vault maps discovered:
D:1:      dpeg_arrival_ratfight, layout_basic,
          ebering_ecumenical_altar_petrified, minmay_gold_behind_fungi
D:2:      layout_basic
D:3:      kennysheep_goblin_castle, layout_rooms, serial_rivers,
          chequers_serial_rivers_large_a, chequers_serial_rivers_micro_e,
          chequers_serial_rivers_micro_e, chequers_serial_rivers_small_a,
          chequers_serial_rivers_small_3, chequers_serial_rivers_marsh
D:4:      minmay_chambers_of_threes, layout_loops_ring, uniq_menkaure
D:5:      layout_loops_corners, kennysheep_generic_room_14,
          uniq_crazy_yiuf_cottage, uniq_ijyb, uniq_grinder
D:6:      layout_cave_pools, lemuel_doored_altar, kennysheep_generic_room_13,
          uniq_eustachio, uniq_duvessa
D:7:      minmay_clustersquares, layout_basic,
          minmay_temple_entry_statues_pillars, ebering_ghost_gozag, sigmund_army
D:8:      layout_cave_pools, kennysheep_doodads, uniq_maggie
D:9:      minmay_general_purpose_star, layout_cross,
          mainiacjoe_overflow_alcove_1, gammafunk_temple_overflow_forgotten,
          orc_0_dummy, serial_co_window_serial, co_window_paths_a,
          co_window_of_opportunity_a, co_window_corner_a, co_window_corner_a,
          co_window_paths_a, co_window_cross_2, co_window_unsneaky_path_d,
          co_window_corner_b, co_window_4corner_b, glass_columns_b,
          glass_columns_a, glass_columns_a
D:10:     layout_long_grid, mainiacjoe_overflow_surrounded_room,
          lemuel_tele_altar, minmay_door_square, uniq_fannar
D:11:     layout_cave_pools, lair_entry_dummy, ebering_ghost_inner_flame
D:12:     layout_long_grid, uniq_jorgrun
D:13:     layout_cave_pods, minivault_21, uniq_rupert
D:14:     layout_cave_pools, lightli_vaults_fourway_checkpoint,
          gauntlet_entry_generic, nicolae_ashenzari_skybound,
          grunt_dithmenos_smoke
D:15:     gammafunk_depths_entry_grave, layout_loops_corners, serial_ice,
          serial_ice_h, serial_ice_b, serial_ice_c, serial_ice_k, serial_ice_e,
          serial_ice_g, serial_ice_o, minmay_strange_pillars,
          nicolae_yredelemnul_ghost_church
Temple:   regret_index_temple_waves
Lair:1:   layout_regular_city, enter_volcano_2, st_stairs_12,
          chequers_serial_rivers_micro_a, kennysheep_rathole
Lair:2:   layout_cave_pods, skrybe_swamp_entry_bodies, grunt_megastairs_1,
          serial_bayou_shore_a
Lair:3:   gammafunk_indiana_jones, layout_gridlike, guppyfry_snake_entry_island,
          cheibrodos_lair_reptile_den, lemuel_fruit_tree
Lair:4:   layout_gridlike
Lair:5:   layout_regular_city, slime_altar_1, infiniplex_staircase_pool
Lair:6:   gammafunk_lair_ancient_temple, layout_layer_cave, minmay_hedge_maze,
          grunt_forest_stairs_basic
Swamp:1:  layout_basic_swamp, nicolae_swamp_dense_foliage, swamp_pool5,
          nicolae_swamp_snake_nest
Swamp:2:  layout_basic_swamp, evilmike_swamp_ruin_house_1,
          nicolae_swamp_godswood, infiniplex_staircase_pool_2
Orc:1:    layout_caves, serial_shops, nicolae_shop_crystal, minmay_orc_temple_a
Orc:2:    st_orc_open, layout_caves

Skill      XL: |  1  2  3  4  5  6  7  8  9 10 11 12 13 14 15 16 |
---------------+-------------------------------------------------+-----
Conjurations   | 2 3 4 5 6 9 10 12 | 12.0
Air Magic      | 5 6 7 10 13 14 15 16 | 16.0
Spellcasting   | 3 4 5 6 7 |  7.0
Fighting       | 2 6 8 10 11 12 13 14 | 14.6
Dodging        | 4 7 9 11 12 13 15 | 15.8
Shields        | 4 7 9 10 11 | 11.7
Stealth        | 4 |  4.0

Action                   |  1- 3 |  4- 6 |  7- 9 | 10-12 | 13-15 | 16-18 || total
-------------------------+-------+-------+-------+-------+-------+-------++-------
Melee: Whip              |    27 |    20 |    18 |    85 |    75 |       ||   225
       Kick              |     6 |     1 |     3 |    27 |    41 |    10 ||    88
       Unarmed           |     1 |       |       |       |       |       ||     1
       Peck              |     4 |     2 |     2 |    18 |    21 |     6 ||    53
       Demon blade       |       |       |       |       |    31 |    16 ||    47
 Cast: Shock             |    48 |    70 |    29 |     4 |     2 |       ||   153
       Static Discharge  |     5 |    29 |    40 |   121 |   145 |    39 ||   379
       Airstrike         |       |       |    89 |   228 |   562 |   188 ||  1067
       Freezing Cloud    |       |       |       |       |    15 |     5 ||    20
       Lightning Bolt    |       |       |       |       |       |     4 ||     4
Evoke: Wand              |       |       |     4 |    11 |     9 |       ||    24
  Use: Scroll            |     2 |     3 |     3 |     9 |    14 |     3 ||    34
       Potion            |       |     1 |       |       |     3 |       ||     4
 Stab: Sleeping          |     1 |     2 |       |       |       |       ||     3
Armor: Robe              |     4 |     2 |     6 |    31 |    22 |     9 ||    74
Dodge: Dodged            |    19 |    34 |    40 |   147 |   157 |    68 ||   465
Block: Kite shield       |       |       |       |    35 |   214 |    42 ||   291
       Other             |       |       |       |     1 |       |       ||     1
       Reflection        |       |       |       |       |    17 |       ||    17
       Rpst.: Demon blade |       |       |       |       |    10 |    15 ||    25
